 Dungeon Crawl Stone Soup version 0.30-a0-42-g806c11bf1d (webtiles) character file.

Game seed: 9031085269450559146

30936 Newt the Spear-Bearer (level 13, -1/103 HPs)
             Began as a Demonspawn Gladiator on Aug 30, 2022.
             Was the Champion of Okawaru.
             Killed from afar by an oklob plant (29 damage)
             ... with a splash of acid
             ... on level 4 of the Lair of Beasts.
             The game lasted 00:25:17 (18862 turns).

Newt the Spear-Bearer (Demonspawn Gladiator)       Turns: 18862, Time: 00:25:17

Health: -1/103     AC:  0    Str: 22    XL:     13   Next: 23%
Magic:  16/16      EV: 11    Int: 18    God:    Okawaru [******]
Gold:   985        SH: 23    Dex: 16    Spells: 12/12 levels left

rFire   + + .      SeeInvis .    A - +5 trident "Naetuetz" {flame, rElec Will+ Str+3}
rCold   . . .      Faith    .    Z - +7 kite shield "Qopoitelituff" {Int+3}
rNeg    . . .      Spirit   .    O - +1 chain mail "Lorhul" {rPois rF+ Will+ Stlth+}
rPois   +          Reflect  +    (helmet restricted)
rElec   +          Harm     .    (no cloak)
rCorr   .          Rampage  .    (no gloves)
Will    ++...                    V - +0 pair of boots
Stlth   ..........               h - amulet of reflection
HPRegen 0.27/turn                i - +4 ring of evasion
MPRegen 0.15/turn                C - +6 ring of intelligence

@: corroded
A: horns 1, molten scales 3, ignite blood 2, spiny 2
a: Renounce Religion, Heroism, Finesse, Duel


You were on level 4 of the Lair of Beasts.
You worshipped Okawaru.
Okawaru was exalted by your worship.
You visited 2 branches of the dungeon, and saw 16 of its levels.
You also visited: Bailey.

You collected 1206 gold pieces.
You spent 221 gold pieces at shops.

Inventory:

Hand Weapons
 A - the +5 trident "Naetuetz" (weapon) {flame, rElec Will+ Str+3}
   (You bought it in a shop on level 6 of the Dungeon)

   It burns those it strikes, dealing additional fire damage.
   Str:       It affects your strength (+3).
   rElec:     It insulates you from electricity.
   Will:      It increases your willpower.
 H - the +9 halberd of the Fifty Xenops {vamp, rF+ Str+4}
   (Okawaru gifted it to you on level 11 of the Dungeon)

   It occasionally heals its wielder for a portion of the damage dealt when it
   wounds a living foe.
   Str:       It affects your strength (+4).
   rF:        It protects you from fire.
Missiles
 d - 4 throwing nets (quivered)
 l - 21 poisoned darts
 w - 12 boomerangs
 P - 2 silver javelins
 T - 8 javelins
 U - 3 curare-tipped darts
Armour
 p - the +4 leather armour of Divine Intervention {*Corrode Int+2 Dex+4 Stlth+}
   (You found it on level 2 of the Dungeon)

   Int:       It affects your intelligence (+2).
   Dex:       It affects your dexterity (+4).
   *Corrode:  It may corrode you when you take damage.
   Stlth:     It makes you more stealthy.
 y - the +3 ring mail of Conscience {rF+ Int+4 SInv}
   (You found it on level 6 of the Dungeon)

   Int:       It affects your intelligence (+4).
   rF:        It protects you from fire.
   SInv:      It lets you see invisible.
 O - the +1 chain mail "Lorhul" (worn) {rPois rF+ Will+ Stlth+}
   (You found it in a bailey)

   rF:        It protects you from fire.
   rPois:     It protects you from poison.
   Will:      It increases your willpower.
   Stlth:     It makes you more stealthy.
 V - a +0 pair of boots (worn)
 Z - the +7 kite shield "Qopoitelituff" (worn) {Int+3}
   (Okawaru gifted it to you on level 2 of the Lair of Beasts)

   Int:       It affects your intelligence (+3).
Jewellery
 e - the ring of Qalaj {Will+ rCorr}
   (You found it on level 2 of the Lair of Beasts)

   [ring of willpower]

   rCorr:     It protects you from acid and corrosion.
   Will:      It increases your willpower.
 h - an amulet of reflection (around neck)
 i - a +4 ring of evasion (left hand)
 t - an amulet of faith
 B - an amulet of the acrobat
 C - a +6 ring of intelligence (right hand)
 M - a ring of positive energy
 X - a ring of flight
Wands
 c - a wand of mindburst (9)
 m - a wand of polymorph (4)
 q - a wand of flame (81)
 G - a wand of roots (11)
 Y - a wand of digging (12)
Scrolls
 a - 2 scrolls of blinking
 b - a scroll of identify
 j - 2 scrolls of poison
 s - 7 scrolls of teleportation
 v - 3 scrolls of fear
 F - 5 scrolls of vulnerability
 I - 4 scrolls of fog
 Q - 3 scrolls of magic mapping
 R - a scroll of enchant weapon
 W - a scroll of enchant armour
Potions
 f - a potion of flight {unknown}
 g - a potion of cancellation {unknown}
 k - 11 potions of curing
 n - a potion of berserk rage {unknown}
 o - a potion of ambrosia
 r - 7 potions of attraction
 u - 3 potions of brilliance
 x - 3 potions of heal wounds
 z - a potion of mutation
 D - a potion of magic {unknown}
 E - 2 potions of resistance
 K - 5 potions of haste
 N - 3 potions of might
 S - 3 potions of lignification


   Skills:
 - Level 10.0 Fighting
 - Level 5.4 Short Blades
 - Level 14.0 Polearms
 - Level 5.0 Throwing
 - Level 4.0 Armour
 - Level 2.6 Dodging
 - Level 2.0 Stealth
 + Level 8.0 Shields
 - Level 5.0 Invocations
 - Level 5.0 Evocations


You had 12 spell levels left.
You didn't know any spells.
Your spell library contained the following spells:

 Spells                   Type           Power      Damage    Failure   Level
 Apportation              Tloc           0%         N/A       99%         1
 Magic Dart               Conj           0%         1d3       99%         1
 Necrotise                Necr           0%         1d4       99%         1
 Slow                     Hex            0%         N/A       99%         1
 Blink                    Tloc           0%         N/A       100%        2
 Searing Ray              Conj           0%         2d4       100%        2
 Static Discharge         Conj/Air       0%         3-3/arc   100%        2
 Confusing Touch          Hex            0%         N/A       100%        3
 Conjure Flame            Conj/Fire      0%         6-21      100%        3
 Ignite Poison            Fire/Tmut/Pois 0%         N/A       100%        3
 Lesser Beckoning         Tloc           0%         N/A       100%        3
 Vampiric Draining        Necr           0%         2d6       100%        3
 Dispel Undead            Necr           0%         3d6       100%        4
 Fulminant Prism          Conj/Hex       0%         3d6       100%        4
 Sticky Flame             Conj/Fire      0%         2d3       100%        4
 Blade Hands              Tmut           0%         N/A       100%        5
 Irradiate                Conj/Tmut      0%         3d11      100%        5
 Manifold Assault         Tloc           0%         N/A       100%        5
 Dragon Form              Tmut           0%         N/A       100%        7
 Storm Form               Tmut/Air       0%         N/A       100%        7
 Summon Small Mammal      Summ           Unusable   N/A       N/A         1

Dungeon Overview and Level Annotations

Branches:
Dungeon (12/15)            Temple (0/1) D:7            Lair (4/5) D:11
 Shoals (0/4) Lair:3        Snake (0/4) Lair:3          Orc (0/2) D:11
 Bailey (visited)
  Slime: Lair:4-5

Altars:
Dithmenos
Fedhas
Makhleb
Nemelex Xobeh
Okawaru
Uskayaw
Xom
Jiyva

Shops:
D:6 (

Annotations:
D:11 1 transporter
Lair:4 exclusion: oklob plant


Innate Abilities, Weirdness & Mutations

You have a pair of small horns on your head.
You are completely covered in molten scales. (AC +4, rF+)
Your demonic aura often causes spilled blood to erupt in flames.
You are mostly covered in sharp spines.


Message History

The oklob plant is severely damaged.
The oklob plant spits acid at you.
The splash of acid reflects off an invisible shield around you!
The splash of acid hits the oklob plant.
The oklob plant completely resists.
You puncture the oklob plant! You burn the oklob plant.
The oklob plant is almost destroyed.
The oklob plant spits acid at you. The splash of acid hits you!!
The acid corrodes you!
Unknown command.
You hit the oklob plant but do no damage.
The oklob plant is almost destroyed.
Unknown command.
Aiming: Throw Flame
Press: ? - help, Q - select action, (/) - cycle Shift-Dir - straight line, f - oklob plant
Aim: an oklob plant (almost destroyed, 100% to hit)
The puff of flame hits the oklob plant.
The oklob plant is almost destroyed.
Unknown command.
Aiming: Throw Flame
Press: ? - help, Q - select action, (/) - cycle Shift-Dir - straight line, f/p - oklob plant
Aim: an oklob plant (almost destroyed, 100% to hit)
The puff of flame hits the oklob plant.
The oklob plant is almost destroyed.
The oklob plant spits acid at you. The splash of acid hits you!
* * * LOW HITPOINT WARNING * * *
The acid corrodes you!
Unknown command.
Aiming: Throw Flame
Press: ? - help, Q - select action, (/) - cycle Shift-Dir - straight line, f/p - oklob plant
Aim: an oklob plant (almost destroyed, 100% to hit)
The puff of flame hits the oklob plant but does no damage.
The oklob plant is almost destroyed.
Unknown command.
Aiming: Throw Flame
Press: ? - help, Q - select action, (/) - cycle Shift-Dir - straight line, p - oklob plant The oklob plant spits acid at you.
The splash of acid hits you!!
You die...

.###.....##....
..........P..
..##.....#...#
......##..##.
.##..###.!..#
...### #####.
##..#.#....# ..# ##
>...##†..#.# .. #
.##.#†.....########
#
.#####......#..$./#
#
.####.#....#.##!$!#
#..#.......####$@P#
#
............#######
# #..............#
. ##........####.#
#. #...##...# ###
#. ######...# ..
##[## ... ###


You could see an oklob plant.

Vanquished Creatures
  Nessos (Lair:4)
  Erolcha (D:10)
  5 hydras
  Erica (D:8)
  3 two-headed ogres
  Pikel (D:8)
  A deep elf pyromancer (Bailey)
  An orc knight (Bailey)
  A black mamba (Lair:2)
  A merfolk siren (Lair:3)
  A torpor snail (Lair:1)
  A kobold demonologist (D:9)
  5 cane toads
  2 rime drakes
  An unseen horror (D:10)
  3 komodo dragons
  3 trolls
  3 merfolk (Lair:3)
  4 hornets
  Grinder (D:6)
  6 blink frogs
  2 dream sheep (D:10)
  5 shadows
  Sigmund (D:2)
  A wyvern (Lair:1)
  3 wraiths
  26 yaks
  A vampire (D:10)
  2 steam dragons
  3 basilisks
  A two-headed ogre zombie (D:11)
  2 vampire mosquitoes (D:11)
  2 nagas (Lair:3)
  An acid dragon (D:9)
  13 water moccasins
  Duvessa (D:5)
  5 black bears
  A sky beast (D:6)
  13 orc warriors
  An ice beast (D:6)
  2 ogres
  11 wolves
  A phantom (D:5)
  3 centaurs
  4 lemures (D:8)
  4 kobold brigands
  11 bullfrogs
  2 necrophages
  3 gnoll sergeants
  5 scorpions
  8 wights
  3 troll zombies (D:11)
  Dowan (D:5)
  6 killer bees
  A howler monkey (D:8)
  An electric eel (D:9)
  5 orc priests
  4 jellies
  3 gnoll boudas
  Crazy Yiuf (D:2)
  Jessica (D:2)
  2 iguanas (D:6)
  Terence (D:2)
  6 orc wizards
  4 ogre zombies (D:11)
  19 gnolls
  4 adders
  2 shadow imps
  A white imp (D:8)
  An ufetubus (D:7)
  A worm (D:5)
  3 dart slugs
  34 orcs
  8 ball pythons
  4 bats
  10 endoplasms
  A giant cockroach (D:1)
  10 goblins
  5 hobgoblins
  2 jackals (D:1)
  3 quokkas
  2 frilled lizards
  2 goblin skeletons (D:11)
  5 goblin zombies (D:11)
  A hobgoblin skeleton (D:11)
  2 hobgoblin zombies (D:11)
  18 kobolds
  4 orc skeletons (D:11)
  11 orc zombies (D:11)
  6 rats
  A bush (Lair:4)
383 creatures vanquished.

Vanquished Creatures (others)
  28 fungi
  88 plants
116 creatures vanquished.

Grand Total: 499 creatures vanquished

Notes
Turn   | Place    | Note
-------+----------+-------------------------------------------
     0 | D:1      | Newt the Demonspawn Gladiator began the quest for the Orb.
     0 | D:1      | Reached XP level 1. HP: 16/16 MP: 1/1
   311 | D:1      | Reached skill level 1 in Stealth
   326 | D:1      | Gained mutation: You are partially covered in sharp spines.
                  | [demonic ancestry]
   326 | D:1      | Reached XP level 2. HP: 2/22 MP: 2/2
  1502 | D:2      | Noticed Terence
  1524 | D:2      | Killed Terence
  1525 | D:2      | Gained mutation: Your demonic aura sometimes causes spilled
                  | blood to erupt in flames. [demonic ancestry]
  1525 | D:2      | Reached XP level 3. HP: 27/27 MP: 3/3
  1553 | D:2      | Identified the +4 leather armour of Divine Intervention
                  | {*Corrode Int+2 Dex+4 Stlth+}
  1677 | D:2      | Noticed Sigmund
  1908 | D:2      | Reached XP level 4. HP: 30/33 MP: 4/4
  1928 | D:2      | Killed Sigmund
  1929 | D:2      | Reached skill level 5 in Short Blades
  1929 | D:2      | Gained mutation: Your demonic aura often causes spilled
                  | blood to erupt in flames. [demonic ancestry]
  1929 | D:2      | Reached XP level 5. HP: 15/38 MP: 5/5
  2243 | D:2      | Reached skill level 1 in Polearms
  2376 | D:2      | Noticed Jessica
  2383 | D:2      | Killed Jessica
  2384 | D:2      | Gained mutation: You are mostly covered in sharp spines.
                  | [demonic ancestry]
  2384 | D:2      | Reached XP level 6. HP: 44/44 MP: 6/6
  2419 | D:2      | Found a runed translucent door.
  2420 | D:2      | Noticed Crazy Yiuf
  2427 | D:2      | Killed Crazy Yiuf
  2428 | D:2      | Reached skill level 2 in Polearms
  3043 | D:3      | Found a burning altar of Makhleb.
  3343 | D:3      | Found a faded altar of an unknown god.
  3557 | D:4      | Found a shadowy altar of Dithmenos.
  3899 | D:4      | Reached skill level 3 in Polearms
  4214 | D:5      | Entered Level 5 of the Dungeon
  4225 | D:5      | Reached skill level 4 in Polearms
  4225 | D:5      | Reached XP level 7. HP: 38/50 MP: 7/7
  4323 | D:5      | Noticed a yak
  4324 | D:5      | Noticed a yak
  4324 | D:5      | Noticed a yak
  4343 | D:5      | Killed a yak
  4344 | D:5      | Reached skill level 5 in Polearms
  4362 | D:5      | Noticed a yak
  4388 | D:5      | Killed a yak
  4392 | D:5      | Killed a yak
  4393 | D:5      | Reached skill level 6 in Polearms
  4393 | D:5      | Killed a yak
  4394 | D:5      | Reached XP level 8. HP: 48/60 MP: 8/8
  4486 | D:5      | Found an iron altar of Okawaru.
  4490 | D:5      | Became a worshipper of Warmaster Okawaru
  4686 | D:5      | Noticed Dowan
  4687 | D:5      | Noticed Duvessa
  4698 | D:5      | Killed Duvessa
  4699 | D:5      | Reached skill level 5 in Fighting
  4701 | D:5      | Killed Dowan
  4857 | D:5      | Reached skill level 1 in Armour
  5040 | D:6      | Identified the +3 ring mail of Conscience {rF+ Int+4 SInv}
  5060 | D:6      | Reached * piety under Okawaru
  5355 | D:6      | Noticed Grinder
  5364 | D:6      | Killed Grinder
  5365 | D:6      | Reached XP level 9. HP: 51/69 MP: 9/9
  5710 | D:6      | Found Xeofezem's Antique Weapon Emporium.
  5719 | D:6      | Bought a twisted trident for 221 gold pieces
  5719 | D:6      | Identified the +5 trident "Naetuetz" {flame, rElec Will+
                  | Str+3} (You bought it in a shop on level 6 of the Dungeon)
  5728 | D:6      | Reached skill level 5 in Throwing
  5917 | D:6      | Reached ** piety under Okawaru
  6438 | D:7      | Paralysed by a hornet for 1 turns
  6444 | D:7      | Reached skill level 7 in Polearms
  6936 | D:7      | Found a hide-covered altar of Uskayaw.
  7246 | D:7      | Reached skill level 8 in Polearms
  7246 | D:7      | Reached skill level 1 in Evocations
  7766 | D:7      | Found a staircase to the Ecumenical Temple.
  7807 | D:7      | Gained mutation: You are partially covered in molten
                  | scales. (AC +2) [demonic ancestry]
  7807 | D:7      | Reached XP level 10. HP: 30/76 MP: 10/10
  8388 | D:7      | Reached *** piety under Okawaru
  8476 | D:8      | Reached skill level 5 in Evocations
  8502 | D:8      | Reached skill level 1 in Shields
  8587 | D:8      | Noticed Erica
  8593 | D:8      | Killed Erica
  8899 | D:8      | Noticed Pikel
  8901 | D:8      | Found a sparkling altar of Nemelex Xobeh.
  8905 | D:8      | Killed Pikel
  8905 | D:8      | Received a gift from Okawaru
  9106 | D:8      | Reached skill level 5 in Shields
  9605 | D:8      | Reached **** piety under Okawaru
 10023 | D:9      | Reached skill level 9 in Polearms
 10070 | D:9      | Reached ***** piety under Okawaru
 10153 | D:9      | Found a flagged portal.
 10170 | Bailey   | Entered a bailey
 10234 | Bailey   | Gained mutation: You are mostly covered in molten scales.
                  | (AC +3) [demonic ancestry]
 10234 | Bailey   | Reached XP level 11. HP: 63/81 MP: 11/11
 10340 | Bailey   | Found a large runed translucent door.
 10340 | Bailey   | Found a large runed translucent door.
 10341 | Bailey   | Noticed a deep elf pyromancer
 10342 | Bailey   | Noticed an orc knight
 10354 | Bailey   | Killed an orc knight
 10599 | Bailey   | Killed a deep elf pyromancer
 10599 | Bailey   | Received a gift from Okawaru
 10600 | Bailey   | Reached skill level 10 in Polearms
 10617 | Bailey   | Identified the +1 chain mail "Lorhul" {rPois rF+ Will+
                  | Stlth+}
 11738 | D:10     | Entered Level 10 of the Dungeon
 11847 | D:10     | Received a gift from Okawaru
 12023 | D:10     | Reached skill level 5 in Invocations
 12118 | D:10     | Found a shimmering altar of Xom.
 12173 | D:10     | Found a blossoming altar of Fedhas.
 12559 | D:10     | Received a gift from Okawaru
 12571 | D:10     | Noticed a three-headed hydra
 12578 | D:10     | Killed a three-headed hydra
 12764 | D:10     | Noticed Erolcha
 12773 | D:10     | Killed Erolcha
 12832 | D:10     | Noticed a two-headed ogre
 12839 | D:10     | Killed a two-headed ogre
 13638 | D:11     | Found a transporter.
 13657 | D:11     | Reached skill level 10 in Fighting
 14109 | D:11     | Found a staircase to the Orcish Mines.
 14140 | D:11     | Noticed a two-headed ogre
 14146 | D:11     | Killed a two-headed ogre
 14146 | D:11     | Reached ****** piety under Okawaru
 14146 | D:11     | Identified the +9 halberd of the Fifty Xenops {vamp, rF+
                  | Str+4} (Okawaru gifted it to you on level 11 of the
                  | Dungeon)
 14146 | D:11     | Received a gift from Okawaru
 14147 | D:11     | Gained mutation: You have a pair of small horns on your
                  | head. [demonic ancestry]
 14147 | D:11     | Reached XP level 12. HP: 71/97 MP: 15/15
 14310 | D:11     | Noticed a two-headed ogre
 14316 | D:11     | Killed a two-headed ogre
 14321 | D:11     | Found a viscous altar of Jiyva.
 14542 | D:11     | Found a transporter.
 15003 | D:11     | Found a staircase to the Lair.
 15021 | D:11     | Reached skill level 11 in Polearms
 15264 | D:12     | Noticed a seven-headed hydra
 15267 | D:12     | Killed a ten-headed hydra
 15289 | Lair:1   | Entered Level 1 of the Lair of Beasts
 15949 | Lair:1   | Reached skill level 12 in Polearms
 16347 | Lair:2   | Identified the +7 kite shield "Qopoitelituff" {Int+3}
                  | (Okawaru gifted it to you on level 2 of the Lair of Beasts)
 16347 | Lair:2   | Received a gift from Okawaru
 16692 | Lair:2   | Reached skill level 13 in Polearms
 16965 | Lair:2   | Identified the ring of Qalaj {Will+ rCorr}
 17399 | Lair:3   | Found a staircase to the Snake Pit.
 17552 | Lair:3   | Found a staircase to the Shoals.
 17601 | Lair:3   | Noticed a six-headed hydra
 17608 | Lair:3   | Killed a six-headed hydra
 17789 | Lair:3   | Reached skill level 14 in Polearms
 17827 | Lair:3   | Noticed an eight-headed hydra
 17837 | Lair:3   | Killed an eight-headed hydra
 17838 | Lair:3   | Gained mutation: You are completely covered in molten
                  | scales. (AC +4, rF+) [demonic ancestry]
 17838 | Lair:3   | Reached XP level 13. HP: 68/103 MP: 16/16
 18660 | Lair:4   | Noticed Nessos
 18673 | Lair:4   | Killed Nessos
 18862 | Lair:4   | Killed from afar by an oklob plant

Illustrated notes

Levels and vault maps discovered:
D:1:      dpeg_arrival_renting, layout_loops_cross, roderic_lattice_a
D:2:      layout_loops_ring, serial_rivers, chequers_serial_rivers_small_a,
          chequers_serial_rivers_small_3, chequers_serial_rivers_micro_c,
          chequers_serial_rivers_small_a, chequers_serial_rivers_micro_b,
          minmay_surrounded, uniq_sigmund, uniq_jessica, uniq_terence,
          uniq_crazy_yiuf_cottage
D:3:      layout_basic, nicolae_overflow_crystal_walls,
          shapermc_ecumenical_altar_mp_vishouse
D:4:      layout_loops_ring, nicolae_tso_swordbearing_angel,
          nicolae_dithmenos_shadow_blocks
D:5:      layout_basic, mainiacjoe_overflow_chevrons, uniq_duvessa
D:6:      layout_basic, serial_shops, nicolae_shop_competitors_out_of_business,
          grunt_ministairs_2, uniq_grinder
D:7:      layout_basic, mainiacjoe_overflow_cross_hatched,
          lemuel_temple_firewalk_b, minivault_23, dk_noncrumbling_3,
          minmay_quadrilaterals
D:8:      layout_basic, lemuel_crystal_altar, uniq_erica, uniq_pikel
D:9:      wad_woods_pond, layout_basic, enter_bailey_5, serial_corexii_hall,
          chequers_hall_statues_wall_a, chequers_hall_statues_corner_a,
          kennysheep_generic_room_16
D:10:     layout_stronghold, fedhas_altar_4,
          mainiacjoe_overflow_six_doors_small, hangedman_ranch, uniq_erolcha
D:11:     gammafunk_jiyva_shrine, layout_rooms, due_lair_maze_entry_diamond,
          zombieorc2_lemuel
D:12:     layout_roguey, muffindrake_ghost_dual_entry, eino_jars
Lair:1:   layout_cave_pods, chequers_serial_rivers_micro_e
Lair:2:   layout_chaotic_city, lemuel_fruit_tree, lemuel_fruit_fields
Lair:3:   layout_regular_city, elwin_shoals_entry_stream,
          guppyfry_snake_entry_island
Lair:4:   layout_misc_corridors, minmay_lair_oklob_items, grunt_megastairs_4,
          serial_bayou_shore_a, uniq_nessos

Skill      XL: |  1  2  3  4  5  6  7  8  9 10 11 12 13 |
---------------+----------------------------------------+-----
Stealth        | 1 2 |  2.0
Short Blades   | 3 5 |  5.4
Polearms       | 1 4 6 8 9 10 14 | 14.0
Fighting       | 4 6 10 | 10.0
Armour         | 4 |  4.0
Throwing       | 3 5 |  5.0
Evocations     | 4 5 |  5.0
Shields        | 6 8 |  8.0
Invocations    | 5 |  5.0
Dodging        | |  2.6

Action                   |  1- 3 |  4- 6 |  7- 9 | 10-12 | 13-15 || total
-------------------------+-------+-------+-------+-------+-------++-------
Melee: Dagger            |    62 |     8 |       |       |       ||    70
       Rapier            |    18 |       |       |       |       ||    18
       Unarmed           |     6 |       |       |       |       ||     6
       Punch             |     1 |       |       |       |       ||     1
       Halberd           |       |    73 |    90 |    68 |       ||   231
       Trident           |       |       |    78 |   573 |    57 ||   708
       Headbutt          |       |       |       |    43 |     8 ||    51
Throw: Throwing net      |     3 |     1 |     1 |       |       ||     5
       Dart              |     3 |       |       |       |       ||     3
       Javelin           |     1 |       |       |       |       ||     1
Evoke: Wand              |       |       |       |     1 |     4 ||     5
  Use: Scroll            |     5 |    10 |     4 |    11 |       ||    30
       Potion            |       |       |       |     1 |       ||     1
 Stab: Held in net/web   |     2 |     2 |     1 |       |       ||     5
       Sleeping          |     6 |    15 |     2 |       |       ||    23
       Distracted        |       |       |       |     1 |       ||     1
Armor: Leather armour    |    10 |     3 |     4 |       |       ||    17
       Skin              |     1 |       |       |       |       ||     1
       Ring mail         |       |       |    18 |    17 |       ||    35
       Chain mail        |       |       |       |    77 |     6 ||    83
Dodge: Dodged            |    30 |    15 |    49 |   166 |     3 ||   263
Block: Other             |     7 |     9 |     9 |    11 |       ||    36
       Reflection        |       |     1 |       |    13 |     7 ||    21
       Kite shield       |       |       |    27 |   392 |    23 ||   442

Table legend: (Time is in decaauts)
 A = Elapsed time spent in this place.
 B = Non-inter-level travel time spent in this place.
 C = Inter-level travel time spent in this place.
 D = Time resting spent in this place.
 E = Time spent auto-exploring this place.
 F = Levels seen in this place.
 G = Mean time per level.
                   A        B        C        D        E       F      G
               +--------+--------+--------+--------+--------+-----+--------+
         Total |  18864 |  18263 |    601 |   3281 |  12460 |  17 | 1109.6 |
       Dungeon |  14829 |  14289 |    540 |   2846 |   9428 |  12 | 1235.8 |
          Lair |   3533 |   3472 |     61 |    299 |   2779 |   4 |  883.2 |
        Bailey |    502 |    502 |      0 |    136 |    252 |   1 |  502.0 |
               +--------+--------+--------+--------+--------+-----+--------+

Top non-repeatable levels by time:
     D:7: 2156 daAuts
    D:10: 2058 daAuts
    D:11: 1478 daAuts
     D:1: 1476 daAuts
     D:9: 1400 daAuts
     D:8: 1374 daAuts
     D:2: 1342 daAuts
     D:6: 1239 daAuts
  Lair:1: 1057 daAuts
  Lair:2: 1018 daAuts
  Lair:3: 1009 daAuts
     D:5: 863 daAuts
     D:3: 729 daAuts
     D:4: 705 daAuts
  Bailey: 502 daAuts
